 Dungeon Crawl Stone Soup version 0.21-a0-155-gb8a8bae (webtiles) character file.

476 tilp the Firebug (level 7, -8/75 HPs)
             Began as a Hill Orc Fire Elementalist on Aug 3, 2017.
             Was a Follower of Okawaru.
             Killed by divine providence
             ... invoked by an orc priest
              (12 damage)
             ... on level 5 of the Dungeon.
             The game lasted 00:14:38 (5155 turns).

tilp the Firebug (Hill Orc Fire Elementalist)       Turns: 5155, Time: 00:14:40

Health: -8/75      AC: 23    Str: 11    XL:     7   Next: 10%
Magic:  2/10       EV:  2    Int: 17    God:    Okawaru [*.....]
Gold:   253        SH:  3    Dex: 11    Spells: 3/10 levels left

rFire    . . .     SeeInvis .   q - +2 short sword (venom)
rCold    . . .     Gourm    .   F - +0 buckler
rNeg     + + +     Faith    .   (armour currently unavailable)
rPois    +         Spirit   .   (helmet currently unavailable)
rElec    .         Reflect  .   (cloak currently unavailable)
rCorr    .         Harm     .   (gloves currently unavailable)
MR       .....     NoTele   +   (boots currently unavailable)
Stlth    ++........             (no amulet)
HPRegen  0.22/turn              (no ring)
MPRegen  0.12/turn              (no ring)

@: tree-form
A: no striking features
a: Heroism, Renounce Religion, Convert to Beogh


You were on level 5 of the Dungeon.
You worshipped Okawaru.
Okawaru was aware of your devotion.
You were hungry.
You were a tree.
You visited 2 branches of the dungeon, and saw 6 of its levels.

You collected 253 gold pieces.

Inventory:

Hand Weapons
 q - a +2 short sword of venom (weapon)
 u - a +0 lajatang
 y - a +3 falchion
Missiles
 k - 2 javelins (quivered)
 o - 40 stones
Armour
 s - a +0 leather armour (melded)
 F - a +0 buckler (worn)
Jewellery
 z - a cursed ring of loudness {unknown}
 H - an uncursed ring of flight {unknown}
Wands
 A - a wand of disintegration (2/24)
 I - a wand of digging (11/24)
Scrolls
 d - a scroll of fog {unknown}
 i - a scroll of remove curse {unknown}
 j - 4 scrolls of identify {unknown}
 m - 3 scrolls of teleportation {unknown}
 t - a scroll of fear {unknown}
 v - a scroll of random uselessness {unknown}
 w - a scroll of magic mapping {unknown}
 D - a scroll of blinking {unknown}
Potions
 e - 2 potions of flight {unknown}
 g - a potion of invisibility {unknown}
 h - 3 potions of lignification
 l - a potion of agility {unknown}
 n - 2 potions of curing
 r - 3 potions of haste {unknown}
 B - a potion of heal wounds {unknown}
 E - a potion of degeneration {unknown}
 G - a potion of cancellation {unknown}
Books
 a - a book of Minor Magic

   Spells                             Type                      Level
   a - Magic Dart                     Conjuration                  1
   b - Blink                          Translocation                2
   c - Call Imp                       Summoning                    2
   d - Slow                           Hexes                        2
   e - Conjure Flame                  Conjuration/Fire             3
   f - Mephitic Cloud                 Conjuration/Poison/Air       3
 b - a book of Flames

   Spells                             Type                      Level
   a - Flame Tongue                   Conjuration/Fire             1
   b - Throw Flame                    Conjuration/Fire             2
   c - Conjure Flame                  Conjuration/Fire             3
   d - Inner Flame                    Hexes/Fire                   3
   e - Sticky Flame                   Conjuration/Fire             4
   f - Fireball                       Conjuration/Fire             5
 C - a book of Misfortune

   Spells                             Type                      Level
   a - Confusing Touch                Hexes                        1
   b - Confuse                        Hexes                        3
   c - Gell's Gravitas                Translocation                3
   d - Petrify                        Transmutation/Earth          4
   e - Metabolic Englaciation         Hexes/Ice                    5
   f - Yara's Violent Unravelling     Hexes/Transmutation          5
Comestibles
 c - 3 bread rations
 f - 2 meat rations
 p - a chunk of flesh
 x - 2 fruits


   Skills:
 - Level 1.6 Dodging
 - Level 1.5 Stealth
 - Level 2.0 Spellcasting
 * Level 5.1 Conjurations
 * Level 6.0 Fire Magic


You had 3 spell levels left.
You knew the following spells:

 Your Spells              Type           Power        Failure   Level  Hunger
a - Flame Tongue          Conj/Fire      ###..        3%          1    #......
b - Throw Flame           Conj/Fire      ###...       4%          2    ###....
c - Conjure Flame         Conj/Fire      ###.....     10%         3    ###....
d - Magic Dart            Conj           ###.         3%          1    #......


Dungeon Overview and Level Annotations

Branches:
Dungeon (5/15)             Temple (1/1) D:4

Altars:
Cheibriados
Dithmenos
Elyvilon
Fedhas
Gozag
Hepliaklqana
Kikubaaqudgha
Nemelex Xobeh
Okawaru
Qazlal
Ru
Sif Muna
Trog
Uskayaw
Vehumet
Wu Jian
Xom
Yredelemnul
Zin

Annotations:
D:4 exclusion: statue


Message History

* * * LOW HITPOINT WARNING * * *
Unknown command.
Casting: Flame Tongue
Confirm with . or Enter, or press ? or * to list all spells.
Aiming: Flame Tongue
Press: ? - help, Shift-Dir - straight line, f/p - orc priest
Aim: an orc priest, wielding a flail and wearing a chain mail (heavily wounded, poisoned)
The flame tongue hits the orc priest.
The orc priest is almost dead.
You are feeling hungry.
The orc priest hits you with a flail.
* * * LOW HITPOINT WARNING * * *
Unknown command.
You hit the orc priest but do no damage.
The orc priest looks as sick as possible!
The orc priest is almost dead.
The orc hits you but does no damage. The orc barely misses you.
The orc priest mumbles some strange prayers to Beogh against you.
Beogh smites you!
You die...

#...........##
#.$...........
#.............
##.............
...............
.............>.
....%..oo......
#.....♣o......
###.........##
#.........#
#.........#
#...(.....#
###########


You could see an orc priest and 2 orcs.

Vanquished Creatures
  A centaur (D:5)
  A scorpion (D:4)
  A hound (D:4)
  An orc priest (D:4)
  2 orc wizards (D:4)
  Terence (D:3)
  An iguana (D:4)
  A worker ant (D:4)
  5 adders
  2 adder skeletons (D:4)
  2 worms
  2 dart slugs
  5 leopard geckos
  15 orcs
  7 bats
  5 giant cockroaches
  11 goblins
  7 hobgoblins
  3 jackals (D:3)
  4 kobolds
  A quokka (D:4)
  3 ball pythons
  6 frilled lizards
  A jackal skeleton (D:4)
  A leopard gecko skeleton (D:4)
  6 rats
95 creatures vanquished.

Notes
Turn   | Place    | Note
-------+----------+-------------------------------------------
     0 | D:1      | tilp the Hill Orc Fire Elementalist began the quest for the Orb.
     0 | D:1      | Reached XP level 1. HP: 14/14 MP: 3/3
   371 | D:1      | Reached XP level 2. HP: 18/20 MP: 2/4
   483 | D:1      | Learned a level 2 spell: Throw Flame
   995 | D:1      | Reached XP level 3. HP: 26/26 MP: 4/6
  1010 | D:1      | Learned a level 3 spell: Conjure Flame
  2325 | D:2      | Reached XP level 4. HP: 33/33 MP: 7/7
  3030 | D:2      | Found a hazy altar of Hepliaklqana.
  3032 | D:2      | Found an opulent altar of Gozag.
  3070 | D:2      | Found a deep blue altar of Sif Muna.
  3315 | D:3      | Noticed Terence
  3475 | D:3      | Reached XP level 5. HP: 32/38 MP: 8/8
  3618 | D:3      | Reached skill level 4 in Fire Magic
  3744 | D:3      | Killed Terence
  4035 | D:4      | Found a staircase to the Ecumenical Temple.
  4050 | Temple   | Entered the Ecumenical Temple
  4133 | Temple   | Became a worshipper of Warmaster Okawaru
  4378 | D:4      | Reached XP level 6. HP: 38/45 MP: 4/9
  4382 | D:4      | Reached skill level 5 in Fire Magic
  4436 | D:4      | Noticed an angel
  4438 | D:4      | Found a glowing silver altar of Zin.
  4443 | D:4      | Learned a level 1 spell: Magic Dart
  4443 | D:4      | Found a shimmering altar of Xom.
  4901 | D:4      | Found a radiant altar of Vehumet.
  5141 | D:5      | Entered Level 5 of the Dungeon
  5148 | D:5      | Reached * piety under Okawaru
  5148 | D:5      | Reached skill level 5 in Conjurations
  5148 | D:5      | Reached skill level 6 in Fire Magic
  5148 | D:5      | Reached XP level 7. HP: 30/50 MP: 3/10
  5155 | D:5      | Killed from afar by an orc priest

Vault maps used:
D:1:      dpeg_arrival_stonehenge_8_columns
D:2:      minitemple, minmay_misc_feat_tower
D:3:      nrook_mini_backslash, uniq_terence
D:4:      grunt_temple_overflow_order_and_chaos_1, vehumet_statue, temple_green,
          kennysheep_dice
D:5:      serial_shops, nicolae_shop_stone, first_bread, supply_closet_lemuel,
          minmay_misc_feat_square, uniq_edmund
Temple:   nicolae_temple_figure_eight

Skill      XL: |  1  2  3  4  5  6 |
---------------+-------------------+-----
Spellcasting   | 2 |  2.0
Conjurations   | 2 3 4 5 |  5.1
Fire Magic     | 4 6 |  6.0
Dodging        | |  1.6
Stealth        | |  1.5

Action                   |  1- 3 |  4- 6 |  7- 9 || total
-------------------------+-------+-------+-------++-------
Melee: Short sword       |    94 |   122 |     4 ||   220
Throw: Javelin           |     2 |     3 |       ||     5
 Cast: Flame Tongue      |    33 |    57 |     2 ||    92
       Throw Flame       |       |     2 |       ||     2
       Conjure Flame     |       |     1 |       ||     1
  Use: Potion            |     2 |       |     1 ||     3
 Stab: Sleeping          |     4 |     1 |       ||     5
  Eat: Chunk             |     5 |     8 |       ||    13
       Royal jelly       |       |     1 |       ||     1
Armor: Robe              |    23 |    15 |       ||    38
       Leather armour    |       |     9 |     1 ||    10
       Skin              |       |       |     7 ||     7
Dodge: Dodged            |    68 |    77 |     4 ||   149
Block: Buckler           |       |     4 |       ||     4
